 Dungeon Crawl Stone Soup version 0.20-a0-901-g27f6fa8 (console) character file.

140787 nht the Wrestler (level 17, -1/144 HPs)
             Began as a Ghoul Fighter on Mar 19, 2017.
             Was the Champion of Wu Jian.
             Slain by an entropy weaver (13 damage)
             ... on level 3 of the Spider Nest.
             The game lasted 01:23:07 (23040 turns).

nht the Wrestler (Ghoul Fighter)                   Turns: 23040, Time: 01:23:08

Health: -1/144     AC:  0    Str: 25    XL:     17   Next: 31%
Magic:  16/16      EV: 10    Int:  5    God:    Wu Jian [******]
Gold:   2397       SH: 20    Dex: 10    Spells: 16/16 levels left

rFire    . . .     SeeInvis .     - Unarmed
rCold    + . .     Gourm    .   D - +5 ring mail of the Arcane {rElec Dex+2 Stlth+}
rNeg     + + +     Faith    .   b - +0 shield
rPois    ∞         Spirit   .   I - +0 helmet
rElec    +         Reflect  +   f - +0 cloak
rCorr    .         Harm     .   (no gloves)
MR       ++...                  U - +2 pair of boots
Stlth    +.........             S - +6 amulet of reflection
Regen    0.0/turn               B - +6 ring of protection
MPRegen  0.2/turn               x - ring of protection from magic

@: about to teleport, corroded, rotting, slowed, studying Slings, very slow
A: rotting body, claws 1, carnivore 3, cold resistance 1, negative energy
resistance 3, inhibited regeneration, torment resistance, unbreathing
a: Serpent's Lash, Heaven On Earth, Renounce Religion


You were on level 3 of the Spider Nest.
You worshipped Wu Jian.
Wu Jian was exalted by your worship.
You were not hungry.

You visited 5 branches of the dungeon, and saw 27 of its levels.
You also visited: Labyrinth and Ice Cave.

You collected 2397 gold pieces.

Inventory:

Hand Weapons
 Q - a +0 fustibalus
Missiles
 g - 8 javelins of penetration
 t - 6 throwing nets (quivered)
 w - 3 exploding tomahawks
 z - 2 javelins
 G - 158 sling bullets
 N - 29 tomahawks
Armour
 b - a +0 shield (worn)
 f - a +0 cloak (worn)
 p - a +1 large shield of protection
 D - the +5 ring mail of the Arcane (worn) {rElec Dex+2 Stlth+}
   (You found it on level 4 of the Lair of Beasts)

   It affects your dexterity (+2).
   It insulates you from electricity.
   It makes you more stealthy.
 I - a +0 helmet (worn)
 U - a +2 pair of boots (worn)
Jewellery
 a - an uncursed ring of protection from fire
 l - an uncursed ring of magical power {unknown}
 x - a ring of protection from magic (left claw)
 B - a +6 ring of protection (right claw)
 J - an uncursed ring of protection from cold
 R - an uncursed ring of flight
 S - a +6 amulet of reflection (around neck)
 W - an uncursed ring of resist corrosion
Wands
 o - a wand of disintegration (9/24)
 C - a wand of lightning (10/15)
 L - a wand of clouds (5/9)
 M - a wand of acid (4/15)
 X - a wand of scattershot (4/9)
 Y - a wand of acid (7/15)
Scrolls
 j - 12 scrolls of remove curse
 k - 5 scrolls of enchant armour
 m - 5 scrolls of teleportation
 s - a scroll of enchant weapon
 u - 4 scrolls of recharging
 y - 2 scrolls of fog
 E - 2 scrolls of blinking
 O - 5 scrolls of identify
 Z - a scroll of magic mapping
Potions
 c - 6 potions of might
 e - 5 potions of haste
 i - 2 potions of heal wounds
 n - 2 potions of cancellation
 q - 8 potions of curing
 v - a potion of agility
 F - 2 potions of invisibility
 H - 4 potions of flight
 V - 2 potions of resistance
Books
 A - a manual of Slings
Comestibles
 d - 15 meat rations
 h - 18 chunks of flesh
 r - 6 royal jellies


   Skills:
 + Level 11.2 Fighting
 + Level 9.9 Armour
 * Level 15.6 Shields
 + Level 21.3 Unarmed Combat


You had 16 spell levels left.
You didn't know any spells.

Dungeon Overview and Level Annotations

Branches:
Dungeon (15/15)            Temple (1/1) D:4            Lair (6/6) D:9
 Shoals (0/4) Lair:4       Spider (3/4) Lair:2        Slime (0/5) Lair:5
    Orc (2/2) D:11            Elf (0/3) Orc:2        Vaults (0/5) D:14
 Depths (0/5) D:15

Altars:
Ashenzari
Cheibriados
Dithmenos
Elyvilon
Fedhas
Gozag
Hepliaklqana
Kikubaaqudgha
Makhleb
Nemelex Xobeh
Okawaru
Qazlal
Ru
Sif Muna
Trog
Uskayaw
Vehumet
Wu Jian
Xom
Yredelemnul
Zin
The Shining One
Beogh

Shops:
D:4 [   D:5 }:   Orc:2 *(=[

Portals:
Bazaar: D:12

Annotations:
D:12 8 runed doors, dig
Lair:3 exclusion: 2 oklob plants


Innate Abilities, Weirdness & Mutations

Your body is rotting away.
You thrive on raw meat.
You are immune to poison.
You have sharp fingernails.
You are carnivorous and can eat meat at any time.
Your flesh is cold resistant. (rC+)
You are immune to negative energy. (rN+++)
You do not regenerate when monsters are visible.
You are immune to unholy pain and torment.
You can survive without breathing.


Message History

The entropic weave corrodes you!
As you read the scroll of teleportation, it crumbles to dust.
You feel strangely unstable.
The entropy weaver casts a spell.
The entropic weave corrodes you!
You block the entropy weaver's attack. x3
The entropy weaver hits you. The emperor scorpion stings you!
The emperor scorpion claws you! x2
* * * LOW HITPOINT WARNING * * *
The emperor scorpion barely misses you. The emperor scorpion claws you!
* * * LOW HITPOINT WARNING * * *
The emperor scorpion claws you.
* * * LOW HITPOINT WARNING * * *
Unknown command.
You spin and attack the emperor scorpion.
You closely miss the emperor scorpion.
The emperor scorpion tears through a web.
The entropy weaver hits you!
* * * LOW HITPOINT WARNING * * *
You block the entropy weaver's attack. x2; The entropy weaver hits you!
You die...

██...███..█.(██.█.... █
.....██..█.........█ ..
█^..█......█...█.█ ...
█████..██..█.......^.
█...█.█..†.██^.^█........
.^../█.††w███............
........s███..........█..
███...█sa█..........█....
██...s@^......█..█...█.
██...^......█......█...
██.........^..........█.
██.█....).......█...█....
█...........█...█......█.
████.......█.....█...█. ...
█^sy.........█.█......█.█.█.
██..s...█....................
█..s█S......█..........█....█


You could see 2 emperor scorpions, an entropy weaver, a torpor snail and a
tarantella.

Vanquished Creatures
  Saint Roka (Orc:2)
  Kirke (D:12)
  The ghost of kidcy the Impaler, a journeyman MfFi of Wu Jian (Orc:2)
  2 emperor scorpions (Spider:3)
  Aizul (Spider:3)
  A ghost moth (Spider:1)
  2 stone giants
  Azrael (D:15)
  A white draconian (IceCv)
  A minotaur (Lab)
  An ettin (Orc:2)
  A yaktaur captain (D:14)
  Josephine (Lair:5)
  The ghost of StylePro the Cleaver, a journeyman DDFi of Makhleb (Lair:1)
  Harold (D:11)
  A hydra (Lair:4)
  The ghost of pedritolo the Grappler, a journeyman TrMo of Okawaru (D:10)
  Erolcha (D:13)
  3 centaur warriors
  2 two-headed ogres
  2 catoblepae
  A vampire mage (D:15)
  11 death yaks
  2 orc high priests (Orc:2)
  Sonja (D:10)
  The ghost of anything the Spear-Bearer, a novice DsGl of Hepliaklqana (Lair:1)
  A fire crab (Lair:6)
  2 skeletal warriors (D:15)
  5 unseen horrors
  4 oklob plants (Lair:1)
  4 deep elf magi
  A necromancer (D:15)
  9 orb spiders
  6 orc knights
  7 orc sorcerers
  A stone giant zombie (D:15)
  21 wolf spiders
  A moth of wrath (Spider:3)
  5 cyclopes
  2 ugly things
  6 manticores
  2 black mambas
  8 elephants
  10 spiny frogs
  A torpor snail (Lair:6)
  3 gargoyles
  An ice statue (IceCv)
  2 yaktaurs (D:14)
  A spriggan zombie (D:15)
  3 rime drakes
  An efreet (D:14)
  13 demonic crawlers
  8 komodo dragons
  7 trolls
  20 jumping spiders
  24 polar bears
  A spriggan skeleton (D:15)
  3 slime creatures
  16 blink frogs
  An ettin zombie (D:15)
  9 hornets
  12 hippogriffs
  A shadow (D:14)
  A vampire (D:10)
  33 redbacks
  12 spriggans (Lair:6)
  26 tarantellas
  A wyvern (D:9)
  46 yaks
  7 wraiths
  A hog (D:12)
  A hungry ghost (D:9)
  2 fire elementals (D:15)
  A warg (Orc:2)
  12 porcupines
  10 water moccasins
  2 soldier ants
  4 hell hounds
  4 ice beasts
  38 orc warriors
  A hornet zombie (D:15)
  5 phantoms
  A sky beast (D:5)
  5 black bears
  16 ogres
  An eye of draining (D:15)
  31 wolves
  4 centaurs
  5 boggarts (Lair:6)
  12 crocodiles
  2 big kobolds
  17 bullfrogs
  2 gnoll sergeants
  4 scorpions
  A wyvern skeleton (D:9)
  5 killer bees (D:8)
  7 wights
  2 electric eels
  2 howler monkeys
  8 crimson imps
  A lava snake (D:9)
  3 bullfrog zombies (D:10)
  3 centaur zombies
  5 hounds
  7 centaur skeletons
  A gnoll shaman (D:9)
  4 bullfrog skeletons
  16 jellies
  20 orc priests
  5 iguanas
  20 orc wizards
  Crazy Yiuf (D:5)
  8 worker ants
  A hound zombie (D:5)
  A hound skeleton (D:5)
  2 worker ant zombies
  14 adders
  11 gnolls
  4 shadow imps
  3 oozes
  2 adder skeletons
  An adder zombie (D:5)
  5 worms
  2 dart slugs (D:4)
  6 leopard geckos
  80 orcs
  A ball python (D:2)
  3 giant cockroaches
  12 goblins
  2 hobgoblins (D:2)
  14 jackals
  8 quokkas
  8 bats
  5 frilled lizards
  A jackal skeleton (D:4)
  21 kobolds
  A leopard gecko zombie (D:5)
  A quokka skeleton (D:8)
  7 rats
  31 plants (Lair:1)
938 creatures vanquished.

Vanquished Creatures (collateral kills)
  A wolf (Lair:6)
1 creature vanquished.

Vanquished Creatures (others)
  A tarantella (Spider:2)
  A human (D:12)
  An orc warrior (Orc:2)
  A hound (D:12)
  5 fungi
  7 plants
  A withered plant (D:15)
17 creatures vanquished.

Grand Total: 956 creatures vanquished

Notes
Turn   | Place    | Note
-------+----------+-------------------------------------------
     0 | D:1      | nht the Ghoul Fighter began the quest for the Orb.
     0 | D:1      | Reached XP level 1. HP: 19/19 MP: 0/0
   104 | D:1      | Reached skill level 3 in Unarmed Combat
   104 | D:1      | Reached XP level 2. HP: 14/26 MP: 1/1
   551 | D:1      | Reached XP level 3. HP: 29/30 MP: 2/2
   676 | D:2      | Reached skill level 4 in Unarmed Combat
   903 | D:2      | Reached XP level 4. HP: 10/38 MP: 3/3
  1367 | D:2      | Reached skill level 5 in Unarmed Combat
  1511 | D:3      | Noticed an ogre
  1521 | D:3      | Killed an ogre
  1521 | D:3      | Reached skill level 6 in Unarmed Combat
  1521 | D:3      | Reached XP level 5. HP: 11/45 MP: 4/4
  1999 | D:3      | Reached XP level 6. HP: 33/51 MP: 5/5
  2151 | D:4      | Reached skill level 7 in Unarmed Combat
  2250 | D:4      | Found a radiant altar of Vehumet.
  2276 | D:4      | Found a faded altar of an unknown god.
  2285 | D:4      | Found a staircase to the Ecumenical Temple.
  2299 | Temple   | Entered the Ecumenical Temple
  2452 | Temple   | Became a worshipper of the Wu Jian Council
  2793 | D:4      | Found Lohipp's Armour Emporium.
  2937 | D:4      | Reached skill level 8 in Unarmed Combat
  2937 | D:4      | Reached XP level 7. HP: 48/57 MP: 6/6
  3323 | D:5      | Entered Level 5 of the Dungeon
  3367 | D:5      | Found Suxkuzxius's Gadget Emporium.
  3482 | D:5      | Found Zodghap's Book Emporium.
  3601 | D:5      | Reached skill level 9 in Unarmed Combat
  3808 | D:5      | Reached * piety under Wu Jian
  3914 | D:5      | Found an ancient bone altar of Kikubaaqudgha.
  3915 | D:5      | Found a bloodstained altar of Trog.
  3943 | D:5      | Found a runed door.
  4154 | D:5      | Reached skill level 10 in Unarmed Combat
  4154 | D:5      | Reached XP level 8. HP: 45/63 MP: 7/7
  4194 | D:5      | Noticed Crazy Yiuf
  4195 | D:5      | Killed Crazy Yiuf
  4437 | D:6      | Found a snail-covered altar of Cheibriados.
  4641 | D:6      | Reached skill level 11 in Unarmed Combat
  4998 | D:7      | Noticed a manticore
  5006 | D:7      | Killed a manticore
  5033 | D:7      | Reached XP level 9. HP: 70/70 MP: 8/8
  5198 | D:7      | Reached ** piety under Wu Jian
  5319 | D:7      | Reached skill level 12 in Unarmed Combat
  5648 | D:8      | Reached skill level 5 in Shields
  6039 | D:8      | Reached skill level 13 in Unarmed Combat
  6259 | D:9      | Noticed a gargoyle
  6268 | D:9      | Killed a gargoyle
  6268 | D:9      | Reached XP level 10. HP: 66/77 MP: 9/9
  6308 | D:9      | Reached *** piety under Wu Jian
  6359 | D:9      | Reached skill level 14 in Unarmed Combat
  6594 | D:9      | Found a staircase to the Lair.
  6628 | D:9      | Found a sparkling altar of Nemelex Xobeh.
  6637 | D:9      | Noticed a deep elf mage
  6642 | D:9      | Killed a deep elf mage
  6870 | Lair:1   | Entered Level 1 of the Lair of Beasts
  6870 | Lair:1   | Noticed anything's ghost (novice DsGl)
  6871 | Lair:1   | fuck
  6875 | Lair:1   | Noticed StylePro's ghost (journeyman DDFi)
  6879 | Lair:1   | Noticed a spiny frog
  6944 | Lair:1   | Killed a spiny frog
  6975 | Lair:1   | Killed anything's ghost
  6975 | Lair:1   | Reached skill level 15 in Unarmed Combat
  6975 | Lair:1   | Reached XP level 11. HP: 52/82 MP: 10/10
  7230 | Lair:2   | HP: 2/81 [yak (11)]
  7296 | Lair:2   | Found a hole to the Spider Nest.
  7296 | Lair:2   | Noticed a wolf spider
  7311 | Lair:2   | Killed a wolf spider
  7335 | Lair:2   | Got a shimmering bronze ring
  7336 | Lair:2   | Identified the ring "Retat" {+Blink rC+ MP+9 Str-4 Int+6} (You found it on level 2 of the Lair of Beasts)
  7631 | Lair:2   | Reached skill level 16 in Unarmed Combat
  7714 | Lair:2   | Reached **** piety under Wu Jian
  8469 | Lair:3   | Reached XP level 12. HP: 85/89 MP: 11/11
  8570 | Lair:3   | Reached skill level 17 in Unarmed Combat
  8953 | Lair:4   | Found a staircase to the Shoals.
  9011 | Lair:4   | Found a frozen archway.
  9031 | IceCv    | Entered an ice cave
  9290 | IceCv    | Noticed a white draconian
  9368 | IceCv    | Reached skill level 18 in Unarmed Combat
  9414 | IceCv    | Reached skill level 10 in Shields
  9497 | IceCv    | Killed a white draconian
  9701 | Lair:4   | Noticed a catoblepas
  9718 | Lair:4   | Killed a catoblepas
  9718 | Lair:4   | Reached XP level 13. HP: 37/94 MP: 12/12
 10181 | Lair:4   | Reached skill level 19 in Unarmed Combat
 10285 | Lair:4   | Got an encrusted ring mail
 10296 | Lair:4   | Identified the +5 ring mail of the Arcane {rElec Dex+2 Stlth+} (You found it on level 4 of the Lair of Beasts)
 10684 | Lair:5   | Noticed Josephine
 11007 | Lair:5   | Got a warped scale mail
 11018 | Lair:5   | Killed Josephine
 11447 | Lair:5   | Found a staircase to the Slime Pits.
 11635 | Lair:5   | Reached skill level 5 in Fighting
 11731 | Lair:6   | Entered Level 6 of the Lair of Beasts
 11791 | Lair:6   | omg fuck off
 11880 | Lair:5   | Identified the cursed +0 scale mail "Myduycso" {rC+ Str+3} (You found it on level 5 of the Lair of Beasts)
 12041 | Lair:6   | Reached XP level 14. HP: 97/107 MP: 13/13
 12258 | Lair:6   | Reached ***** piety under Wu Jian
 12505 | Lair:6   | Reached skill level 5 in Armour
 12611 | Lair:6   | Reached skill level 20 in Unarmed Combat
 12930 | Lair:6   | Got a shimmering shortbow
 12931 | Lair:6   | Identified a scroll of acquirement
 13378 | Lair:1   | Killed StylePro's ghost
 13950 | D:10     | Entered Level 10 of the Dungeon
 13992 | D:10     | Noticed Sonja
 14014 | D:10     | Killed Sonja
 14078 | D:10     | Found an ornate altar of the Wu Jian Council.
 14113 | D:10     | Noticed pedritolo's ghost (journeyman TrMo)
 14121 | D:10     | Killed pedritolo's ghost
 14318 | D:10     | Found a blossoming altar of Fedhas.
 14446 | D:11     | Found a roughly hewn altar of Beogh.
 14446 | D:11     | Found a staircase to the Orcish Mines.
 15094 | D:11     | Noticed Harold
 15107 | D:11     | Killed Harold
 15133 | D:11     | Reached ****** piety under Wu Jian
 15231 | Orc:1    | Entered Level 1 of the Orcish Mines
 15454 | Orc:1    | Noticed a stone giant
 15465 | Orc:1    | Killed a stone giant
 15465 | Orc:1    | Reached XP level 15. HP: 121/121 MP: 14/14
 15829 | Orc:2    | Entered Level 2 of the Orcish Mines
 15910 | Orc:2    | Found a staircase to the Elven Halls.
 16016 | Orc:2    | Noticed Saint Roka
 16096 | Orc:2    | Killed Saint Roka
 16126 | Orc:2    | Found a roughly hewn altar of Beogh.
 16147 | Orc:2    | Found Kuog's Antique Weapon Boutique.
 16184 | Orc:2    | Found Tutyom's General Store.
 16266 | Orc:2    | Noticed kidcy's ghost (journeyman MfFi)
 16291 | Orc:2    | Killed kidcy's ghost
 16465 | Orc:2    | Found Kups's Antique Armour Boutique.
 16823 | Orc:2    | Found Zorefa's Jewellery Boutique.
 17087 | D:12     | Found a large runed door.
 17090 | D:12     | Found a large runed door.
 17180 | D:12     | Found a gateway to a bazaar.
 17206 | D:12     | Found a labyrinth entrance.
 17219 | Lab      | Entered a labyrinth
 17448 | Lab      | Got a jewelled shortbow
 17448 | Lab      | Got a warped robe
 17459 | Lab      | Identified the +1 robe "Tozonoibu" {Regen+ Int+8 Dex-4 Stlth+} (You found it in a labyrinth)
 17537 | D:12     | Noticed Kirke
 17547 | D:12     | Killed Kirke
 17870 | D:12     | Found a large runed door.
 17874 | D:12     | Found a large runed door.
 18136 | D:12     | Found a large runed door.
 18146 | D:12     | Found a large runed door.
 18231 | D:12     | Found a large runed door.
 18235 | D:12     | Found a large runed door.
 18640 | D:13     | Found an opulent altar of Gozag.
 18670 | D:13     | Noticed Erolcha
 18676 | D:13     | Killed Erolcha
 18979 | D:13     | Reached XP level 16. HP: 132/132 MP: 15/15
 19489 | D:14     | Found a gate to the Vaults.
 20080 | D:15     | Entered Level 15 of the Dungeon
 20209 | D:15     | Reached skill level 21 in Unarmed Combat
 20243 | D:15     | Found a staircase to the Depths.
 20459 | D:15     | Noticed Azrael
 20466 | D:15     | Killed Azrael
 20469 | D:15     | Reached skill level 10 in Fighting
 21196 | Spider:1 | Entered Level 1 of the Spider Nest
 21936 | Spider:2 | Reached skill level 15 in Shields
 22081 | Spider:2 | Reached XP level 17. HP: 93/141 MP: 16/16
 22089 | Spider:2 | Identified the +4 chain mail of Gemporuz {rPois Dex+4} (You found it on level 2 of the Spider Nest)
 22555 | Spider:3 | Noticed Aizul
 22571 | Spider:3 | omfg eat shit
 22783 | Spider:3 | Killed Aizul
 23040 | Spider:3 | Slain by an entropy weaver

Vault maps used:
D:1:      nagdon_arrival_double_spiral
D:2:      grunt_ministairs_8, kennysheep_generic_room_9
D:4:      vehumet_altar_wand_db, nicolae_temple_entry_ecumenical, serial_shops,
          shop, hex_medium
D:5:      gammafunk_temple_overflow_statue, serial_shops, nicolae_shop_crystal,
          shop, first_bread, uniq_crazy_yiuf_cottage
D:6:      cheibrodos_worm_habitat
D:7:      grunt_ogre_cave, kennysheep_generic_room_5
D:9:      minmay_bloctagon, nemelex_xobeh_ov_fountains_minmay,
          minmay_lair_entry_lava, kennysheep_generic_room_2
D:10:     cheibrodos_helix_gallery, basic_altar, fedhas_altar_4, uniq_sonja
D:11:     david_orc_5, serial_curves, eino_curves_02, eino_curves_02,
          uniq_harold
D:12:     minmay_five_octagons, serial_shops, statue_bzr, lab_entry_generic,
          uniq_kirke
D:13:     basic_altar, uniq_erolcha
D:14:     david_vaults_2, hangedman_abyss_or_decor_lesser_grid, minivault_11
D:15:     gammafunk_depths_entry_grave, abandoned_shop, columned_hall_lemuel,
          uniq_azrael
Temple:   regret_index_temple_mists
Lair:1:   minmay_lair_oklob_tunnel, beast_lair_carwin_9, serial_bayou_shore_a
Lair:2:   spider_nest_entry_rubble
Lair:3:   st_stairs_8, grunt_megastairs_3, minmay_lair_oklob_chamber,
          lemuel_fruit_fields
Lair:4:   shoals_dummy_entry, portal_ice_cave_rime, lemuel_fruit_tree
Lair:5:   minmay_slime_entry_jelly_boxes, uniq_josephine
Lair:6:   minmay_lair_end_enchanted_forest, serial_bayou_shore_b
Spider:1: guppyfry_spider_mini_3
Spider:3: nicolae_spider_corner, uniq_aizul
Orc:2:    grunt_orc_cross
Lab:      labyrinth_spiral, lab_statue
IceCv:    ice_cave_small_giant

Skill      XL: |  1  2  3  4  5  6  7  8  9 10 11 12 13 14 15 16 17 |
---------------+----------------------------------------------------+-----
Unarmed Combat | 3 4 6 8 10 11 13 15 16 18 19 20 21 | 21.3
Shields        | 3 5 7 9 10 11 12 13 15 | 15.6
Armour         | 4 6 8 9 |  9.9
Fighting       | 5 7 9 10 11 | 11.2

Action                   |  1- 3 |  4- 6 |  7- 9 | 10-12 | 13-15 | 16-18 || total
-------------------------+-------+-------+-------+-------+-------+-------++-------
Melee: Unarmed           |   163 |   219 |   267 |   657 |  1701 |   836 ||  3843
Invok: Serpent's Lash    |       |       |       |     4 |     6 |     2 ||    12
Evoke: Wand              |       |       |    18 |    30 |    46 |     7 ||   101
  Use: Scroll            |       |       |    23 |     8 |    17 |     6 ||    54
       Potion            |       |       |     1 |     7 |     1 |     1 ||    10
 Stab: Sleeping          |       |       |     7 |     3 |     2 |       ||    12
       Invisible         |       |       |       |     1 |       |       ||     1
       Fleeing           |       |       |       |       |     1 |       ||     1
       Distracted        |       |       |       |       |     1 |     1 ||     2
       Confused          |       |       |       |       |       |     2 ||     2
  Eat: Chunk             |     7 |    23 |    43 |   111 |   188 |    52 ||   424
Armor: Scale mail        |    53 |    76 |       |       |       |       ||   129
       Robe              |       |    14 |    32 |       |       |       ||    46
       Ring mail         |       |       |    41 |    20 |   247 |   203 ||   511
       Leather armour    |       |       |       |   114 |    16 |       ||   130
Dodge: Dodged            |    48 |    73 |    76 |   144 |   202 |   139 ||   682
Block: Shield            |    59 |    97 |   104 |   206 |   550 |   515 ||  1531
       Reflection        |       |       |       |       |    14 |    16 ||    30
